 Dungeon Crawl Stone Soup version 0.29-a0-334-gb41bcbb86e (webtiles) character file.

Game seed: 140760807613608

79 spaghetti the Skirmisher (level 4, -6/48 HPs)
             Began as an Ogre Gladiator on Apr 14, 2022.
             Was a Follower of Okawaru.
             Mangled by an orc
             ... wielding a +0 flail
              (7 damage)
             ... on level 3 of the Dungeon.
             The game lasted 00:03:52 (1623 turns).

spaghetti the Skirmisher (Ogre Gladiator)           Turns: 1623, Time: 00:03:52

Health: -6/48      AC:  7    Str: 18    XL:     4   Next: 37%
Magic:  1/4        EV: 13    Int:  9    God:    Okawaru [*.....]
Gold:   110        SH:  0    Dex: 12    Spells: 3/3 levels left

rFire   . . .      SeeInvis .     - Unarmed
rCold   . . .      Faith    .   (no shield)
rNeg    . . .      Spirit   .   a - +0 robe
rPois   +          Reflect  .   b - +0 hat
rElec   .          Harm     .   (no cloak)
rCorr   .          Rampage  .   (gloves unavailable)
Will    .....                   (boots unavailable)
Stlth   +++.......              (no amulet)
HPRegen 0.16/turn               q - ring of poison resistance
MPRegen 0.09/turn               n - +4 ring of protection

@: heroic
A: large, unfitting armour, tough skin 1
a: Renounce Religion, Heroism


You were on level 3 of the Dungeon.
You worshipped Okawaru.
Okawaru was aware of your devotion.
You visited 1 branch of the dungeon, and saw 3 of its levels.

You collected 110 gold pieces.


Innate Abilities, Weirdness & Mutations

You are too large for most types of armour.
You have tough skin. (AC +1)


   Skills:
 + Level 4.0(9.0) Fighting
 + Level 3.0(8.0) Throwing
 + Level 3.4(8.4) Dodging
 - Level 2.6(7.6) Unarmed Combat


You had 3 spell levels left.
You didn't know any spells.
Your spell library contained the following spells:

 Spells                   Type           Power      Damage    Failure   Level
 Ensorcelled Hibernation  Hex/Ice        0%         N/A       52%         2
 Passwall                 Tmut/Erth      0%         N/A       52%         2
 Ozocubu's Armour         Ice            0%         N/A       77%         3
 Swiftness                Air            0%         N/A       77%         3
 Ozocubu's Refrigeration  Ice            0%         4d5       100%        7

Inventory:

Hand Weapons
 g - a +0 club {mace}
   (You took it off a kobold on level 1 of the Dungeon)
 h - a +0 dagger {short}
   (You took it off a goblin on level 1 of the Dungeon)
 i - a +0 dagger {short}
   (You found it on level 1 of the Dungeon)
 j - a +0 dagger {short}
   (You took it off a goblin on level 1 of the Dungeon)
 l - a +0 dagger {short}
   (You took it off a goblin on level 1 of the Dungeon)
 m - a +0 dagger {short}
   (You took it off a kobold on level 1 of the Dungeon)
 o - a +0 rapier {short}
   (You found it on level 1 of the Dungeon)
 p - a +0 short sword {short}
   (You took it off a kobold on level 1 of the Dungeon)
 t - a +0 dagger {short}
   (You found it on level 1 of the Dungeon)
 u - a +0 short sword {short}
   (You took it off a kobold on level 1 of the Dungeon)
 w - a +0 dagger {short}
   (You took it off a goblin on level 1 of the Dungeon)
 x - a +0 dagger {short}
   (You found it on level 1 of the Dungeon)
 B - a +0 whip {mace}
   (You took it off a kobold on level 2 of the Dungeon)
 C - a +0 club {mace}
   (You took it off a goblin on level 2 of the Dungeon)
 D - a +0 dagger {short}
   (You took it off a goblin on level 2 of the Dungeon)
 F - a +0 hand axe {axe}
   (You found it on level 2 of the Dungeon)
Missiles
 r - 38 stones (quivered) {throwing}
Armour
 a - a +0 robe (worn)
 b - a +0 hat (worn)
 k - a scarf of invisibility
   (You found it on level 1 of the Dungeon)
Jewellery
 n - a +4 ring of protection (right hand)
   (You found it on level 1 of the Dungeon)
 q - a ring of poison resistance (left hand)
   (You found it on level 1 of the Dungeon)
 G - a ring of see invisible
   (You found it on level 2 of the Dungeon)
Scrolls
 e - a scroll of identify {@r1}
 f - 2 scrolls of enchant armour
 y - a scroll of noise {!r}
 z - a scroll of magic mapping {!r}
 A - a scroll of brand weapon
Potions
 s - a potion of mutation {unknown}
 v - a potion of curing {unknown}
 E - a potion of flight {unknown}

Dungeon Overview and Level Annotations

Branches:
Dungeon (3/15)

Altars:
Okawaru

#..# #..# ###..#
####..<.#
.........#######.##
...##.............#
. #..#)#######..#
#..#.# #..#@#
.(.((.oo# ####..###
.... #.#. .. #. . .
##


You could see 2 orcs.


Message History

You are too injured to fight recklessly!
You are too injured to fight recklessly!
You are too injured to fight recklessly!
You are too injured to fight recklessly!
You are too injured to fight recklessly!
You closely miss the orc.
The orc hits you with a +0 club. 😕 HP[-5]
You take 5 damage, and now have 31/39 hp.
You barely miss the orc. The orc barely misses you.
You closely miss the orc. The orc hits you but does no damage.
The orc wizard gestures wildly while chanting.
The orc wizard flickers and vanishes!
Deactivating autopickup; reactivate with Ctrl-A.
You hit the orc. The orc hits you with a +0 hand axe.
The orc barely misses you. 😮 HP[-3]
You take 3 damage, and now have 28/39 hp.
You hit the orc. The orc hits you with a +0 hand axe.
The orc hits you but does no damage. 😮 HP[-6]
You take 6 damage, and now have 22/39 hp.
You barely miss the orc. The orc closely misses you.
You hit the orc. You punch the orc. The orc hits you but does no damage.
You hit the orc.
You kill the orc!
Okawaru accepts your kill.
You hear some strange, mumbled words.
A magic dart appears from out of thin air!
The magic dart hits you.
* * * LOW HITPOINT WARNING * * *
😨 HP[-3]
You take 3 damage, and now have 19/39 hp.
You barely miss something. You barely miss something. Something hits you.
* * * LOW HITPOINT WARNING * * *
😨 HP[-3]
You take 3 damage, and now have 16/39 hp.
Throw: 3 throwing nets {=f!fthrowing}
Press: ? - help, Shift-Dir - straight line, f - orc
Aim: an orc, wielding a +0 club and wearing a +0 leather armour (heavily wounded, 59% to hit)
You throw a throwing net {=f!fthrowing}.
The throwing net {=f!fthrowing} hits the orc.
The orc is caught in the net!
You hear some strange, mumbled words.
A puff of flame appears from out of thin air!
The puff of flame hits you!
* * * LOW HITPOINT WARNING * * *
The orc struggles against the net. 😱 HP[-9]
You take 9 damage, and now have 7/39 hp.
MASSIVE DAMAGE!! (PAUSE)
You gain the combat prowess of a mighty hero.
You hear some strange, mumbled words.
A magic dart appears from out of thin air!
The magic dart hits you but does no damage.
The orc struggles against the net. 😱 HP[+1] MP[-2]
You lost 2 mp, and now have 1/3 mp.
Unknown command.
Throw: 2 throwing nets {=f!fthrowing}
Press: ? - help, Shift-Dir - straight line, f/p - orc
Aim: an orc, wielding a +0 club and wearing a +0 leather armour (moderately wounded, entangled in a net, 91% to hit)
You throw a throwing net {=f!fthrowing}.
The throwing net {=f!fthrowing} hits the orc.
You hear some strange, mumbled words.
A puff of flame appears from out of thin air!
The puff of flame misses you.
The orc struggles against the net.
Throw: throwing net {=f!fthrowing}
Press: ? - help, Shift-Dir - straight line, f/p - orc
Aim: an orc, wielding a +0 club and wearing a +0 leather armour (moderately wounded, entangled in a net, 91% to hit)
You throw a throwing net {=f!fthrowing}.
The throwing net {=f!fthrowing} hits the orc.
Something barely misses you.
The orc struggles against the net.
You punch something! You punch something! Okawaru accepts your kill.
Reactivating autopickup.
You feel a bit more experienced.
The orc struggles against the net.
Your base Fighting skill increases to level 4!
Your base Throwing skill increases to level 3!
You have reached level 4! 😱 HP[+2]
You now have 48 max hp (+9).
You regained 2 hp, and now have 10/48 hp.
The orc hits you with a +0 flail.
* * * LOW HITPOINT WARNING * * *
The orc struggles against the net.
The net rips apart, and the orc comes free!
Items here: ( )) [. 😱 HP[-2]
You take 2 damage, and now have 8/48 hp.
You hit the orc. The orc hits you with a +0 flail!
* * * LOW HITPOINT WARNING * * *
The orc closely misses you. 😱 HP[-7]
You take 7 damage, and now have 1/48 hp.
Unknown command.
You closely miss the orc. The orc barely misses you.
The orc hits you with a +0 flail!
You die...

Skill      XL: |  1  2  3 |
---------------+----------+-----
Fighting       | 3 4 |  4.0
Dodging        | 3 |  3.4
Throwing       | 3 |  3.0
Unarmed Combat | |  2.6

Action                   |  1- 3 |  4- 6 || total
-------------------------+-------+-------++-------
Melee: Unarmed           |   111 |     2 ||   113
       Punch             |     2 |       ||     2
Throw: Stone             |    49 |       ||    49
       Throwing net      |     3 |       ||     3
       Large rock        |     1 |       ||     1
Invok: Heroism           |     1 |       ||     1
  Use: Scroll            |     4 |       ||     4
Armor: Robe              |    50 |       ||    50
Dodge: Dodged            |    57 |     2 ||    59

Levels and vault maps discovered:
D:1:      minmay_arrival_diagonal_passages, layout_basic,
          nicolae_ecumenical_snake_handling
D:2:      layout_loops_ring, basic_altar
D:3:      minmay_octagon_keep, layout_loops_ring

Notes
Turn   | Place    | Note
-------+----------+-------------------------------------------
     0 | D:1      | spaghetti the Ogre Gladiator began the quest for the Orb.
     0 | D:1      | Reached XP level 1. HP: 22/22 MP: 1/1
     0 | D:1      | magus.rc [v1.9.6]
    12 | D:1      | Found a faded altar of an unknown god.
   191 | D:1      | Prayed at the altar of an unknown god.
   191 | D:1      | Became a worshipper of Warmaster Okawaru
   191 | D:1      | Reached * piety under Okawaru
   209 | D:1      | Reached skill level 3 in Fighting
   212 | D:1      | Reached XP level 2. HP: 27/31 MP: 2/2
   363 | D:1      | Reached skill level 3 in Dodging
   708 | D:1      | Reached XP level 3. HP: 21/37 MP: 3/3
   716 | D:1      | You pick up a book of Burglary and begin reading...
   716 | D:1      | You add the spells Passwall, Ensorcelled Hibernation and
                  | Swiftness to your library.
   728 | D:1      | You add the spells Ozocubu's Armour and Ozocubu's
                  | Refrigeration to your library.
  1615 | D:3      | HP: 7/39 [something/puff of flame (9)]
  1621 | D:3      | Reached skill level 4 in Fighting
  1621 | D:3      | Reached skill level 3 in Throwing
  1621 | D:3      | Reached XP level 4. HP: 10/48 MP: 1/4
  1621 | D:3      | HP: 8/48 [orc/+0 flail (2)]
  1622 | D:3      | HP: 1/48 [orc/+0 flail (7)]
  1623 | D:3      | Mangled by an orc

Vanquished Creatures
  An orc wizard (D:3)
  An adder (D:3)
  A dart slug (D:1)
  2 orcs (D:3)
  4 endoplasms (D:1)
  7 goblins
  3 hobgoblins
  2 jackals (D:2)
  5 kobolds
  4 ball pythons (D:1)
  2 bats (D:1)
  A frilled lizard (D:2)
  6 rats
39 creatures vanquished.

Table legend:
 A = Non-vault XP
 B = Vault XP
 C = Vault XP percentage of total XP
 D = Non-vault monster count
 E = Vault monster count
 F = Vault count percentage of total count
                 A         B        C        D         E       F
            +---------+---------+-------+---------+---------+-------
      Total |     109 |       4 |   3.5 |      36 |       3 |   7.7
            +---------+---------+-------+---------+---------+-------
        D:1 |      35 |       4 |  10.3 |      20 |       3 |  13.0
        D:2 |      16 |       0 |   0.0 |      10 |       0 |   0.0
        D:3 |      58 |       0 |   0.0 |       6 |       0 |   0.0
            +---------+---------+-------+---------+---------+-------

Illustrated notes

Table legend:
 A = Kills in this place as a percentage of kills in entire the game.
 B = Kills by you in this place as a percentage of kills by you in the entire game.
 C = Kills by friends in this place as a percentage of kills by friends in the entire game.
 D = Other kills in this place as a percentage of other kills in the entire game.
 E = Experience gained in this place as a percentage of experience gained in the entire game.
 F = Experience gained in this place divided by the number of levels of this place that you have seen.
                   A       B       C       D       E      F
               +-------+-------+-------+-------+-------+----------------------
         Total | 100.0 | 100.0 |   N/A |   N/A | 100.0 |  37.7
       Dungeon | 100.0 | 100.0 |   N/A |   N/A | 100.0 |  37.7
               +-------+-------+-------+-------+-------+----------------------

Table legend: (Time is in decaauts)
 A = Elapsed time spent in this place.
 B = Non-inter-level travel time spent in this place.
 C = Inter-level travel time spent in this place.
 D = Time resting spent in this place.
 E = Time spent auto-exploring this place.
 F = Levels seen in this place.
 G = Mean time per level.
                   A        B        C        D        E       F      G
               +--------+--------+--------+--------+--------+-----+--------+
         Total |   1615 |   1574 |     41 |    306 |    972 |   3 |  538.3 |
       Dungeon |   1615 |   1574 |     41 |    306 |    972 |   3 |  538.3 |
               +--------+--------+--------+--------+--------+-----+--------+

Top non-repeatable levels by time:
     D:1: 998 daAuts
     D:2: 560 daAuts
     D:3: 56 daAuts
